 Dungeon Crawl Stone Soup version 0.25-a0-1024-gbfbf38f2cb (webtiles) character file.

Game seed: 7648468594708823304, levelgen mode: deterministic

1790 Flugslaktarn the Chopper (level 9, -3/62 HPs)
             Began as an Octopode Fighter on May 12, 2020.
             Was an Initiate of Gozag.
             Slain by a river rat (7 damage)
             ... on level 5 of the Dungeon.
             The game lasted 00:03:32 (6299 turns).

Flugslaktarn the Chopper (Octopode Fighter)         Turns: 6299, Time: 00:03:33

Health: -3/62      AC:  1    Str: 16    XL:     9   Next: 8%
Magic:  0/9        EV: 14    Int: 10    God:    Gozag
Gold:   645        SH: 10    Dex: 14    Spells: 8/8 levels left

rFire    . . .     SeeInvis .   a - +0 war axe
rCold    . . .     Gourm    .   b - +0 kite shield
rNeg     . . .     Faith    .   (helmet restricted)
rPois    .         Spirit   +   j - amulet of guardian spirit
rElec    .         Reflect  .   (no ring)
rCorr    .         Harm     .   o - ring of stealth
MR       .....                  (no ring)
Stlth    +++.......             (no ring)
HPRegen  0.20/turn              (no ring)
MPRegen  0.11/turn              (no ring)
                                (no ring)
                                (no ring)

@: gold aura, lightly drained
A: almost no armour, stealthy swim, amphibious, 8 rings, constrict 8, camouflage
1, gelatinous body 1
a: Potion Petition, Call Merchant, Bribe Branch, Renounce Religion


You were on level 5 of the Dungeon.
You worshipped Gozag.
Gozag was pleased with you.
You were near starving.

You visited 2 branches of the dungeon, and saw 6 of its levels.

You collected 750 gold pieces.
You paid 105 gold pieces to Gozag.

Inventory:

Hand Weapons
 a - a +0 war axe (weapon)
Missiles
 c - a throwing net (quivered)
Armour
 b - a +0 kite shield (worn)
Jewellery
 g - an uncursed ring of wizardry
   (You found it on level 3 of the Dungeon)
 j - an amulet of guardian spirit (around mantle)
   (You found it on level 2 of the Dungeon)
 l - an uncursed amulet of rage {unknown}
   (You found it on level 2 of the Dungeon)
 o - a ring of stealth (right tentacle)
   (You found it on level 3 of the Dungeon)
Scrolls
 p - 3 scrolls of enchant armour {unknown}
 r - 4 scrolls of identify
 s - a scroll of enchant weapon {unknown}
 t - 2 scrolls of amnesia {unknown}
 u - a scroll of fear
 v - a scroll of immolation {unknown}
 x - 7 scrolls of remove curse
 z - 2 scrolls of blinking
Potions
 d - 3 potions of might
 f - a potion of degeneration {unknown}
 h - a potion of haste
 i - a potion of flight {unknown}
 k - a potion of heal wounds {unknown}
 m - a potion of mutation {unknown}
 n - a potion of berserk rage {unknown}
 q - a potion of stabbing {unknown}
Comestibles
 e - 10 rations


   Skills:
 + Level 5.9(5.6) Fighting
 * Level 7.5(7.2) Axes
 + Level 5.9(5.6) Dodging
 + Level 5.9(5.6) Shields


You had 8 spell levels left.
You didn't know any spells.
Your spell library was empty.

Dungeon Overview and Level Annotations

Branches:
Dungeon (5/15)             Temple (1/1) D:4

Altars:
Ashenzari
Cheibriados
Dithmenos
Elyvilon
Gozag
Hepliaklqana
Makhleb
Qazlal
Ru
Vehumet
Wu Jian
Yredelemnul
Zin

Shops:
D:5 *


Innate Abilities, Weirdness & Mutations

You cannot wear most types of armour.
You are very stealthy in the water. (Stealth+)
You are amphibious.
You can wear up to eight rings at the same time.
You can use your tentacles to constrict eight enemies at once.
Your skin changes colour to match your surroundings (Stealth+).
Your rubbery body absorbs attacks. (AC +1, EV +1)


Message History

The hell rat is no longer distracted by gold.
The hell rat bites you! The river rat barely misses you.
The rat becomes distracted by the nearby gold, dreaming of imaginary riches.
You barely miss the hell rat. You grab the hell rat. You squeeze the hell rat.
The hell rat is almost dead.
You barely miss the river rat. You hit the hell rat but do no damage.
You constrict the hell rat.
You kill the hell rat!
The rat is no longer distracted by gold.
You block the hell rat's attack. The river rat closely misses you.
The hell rat barely misses you.
You closely miss the hell rat. You grab the hell rat. You hit the river rat.
You barely miss the hell rat. You constrict the hell rat.
The hell rat bites you!!
* * * LOW HITPOINT WARNING * * *
The hell rat bites you!
* * * LOW HITPOINT WARNING * * *
The river rat bites you!
You die...
Your body crumbles into a pile of gold.

##........# ########## #.#.....
..........###.#...#.#### #.######
....#######..#.###.#...###.......
....## ##.##### ######.##.######
###..####.##... .######.#.#
##.##..##[...# ...##..##.######
#.#.####....r#..##.###........
####.##.## #rrrrrr.##.##.#######
...#.#.#.#######@# #.##.#.#
...#.####..##.$.#...##.##.##♣
...#....###.......###..##..P♣♣
#######...###########..#..#≈≈♣♣
###...########.###.###.≈#
########..........# #.# #.##
#......#..........# #.# #.#
#......#..........# #.# #.#
#......#..........# #.# #.#


You could see 2 hell rats, a river rat and 4 rats.

Vanquished Creatures
  Pikel (D:4)
  Sigmund (D:4)
  Eustachio (D:4)
  Menkaure (D:5)
  A sky beast (D:5)
  A gnoll sergeant (D:3)
  2 scorpions (D:5)
  A howler monkey (D:4)
  3 crimson imps
  A bullfrog skeleton (D:4)
  2 orc priests (D:5)
  3 orc wizards
  2 worker ants (D:4)
  A hell rat (D:5)
  A hound skeleton (D:5)
  8 adders
  7 gnolls
  A howler monkey skeleton (D:4)
  3 river rats (D:5)
  2 oozes (D:1)
  An adder zombie (D:5)
  An adder skeleton (D:3)
  6 worms
  A dart slug (D:2)
  2 leopard geckos
  10 orcs
  4 giant cockroaches
  5 goblins
  3 hobgoblins
  4 jackals (D:2)
  6 kobolds
  2 quokkas (D:2)
  11 bats
  5 frilled lizards
  A leopard gecko skeleton (D:5)
  A quokka zombie (D:5)
  11 rats
117 creatures vanquished.

Vanquished Creatures (others)
  A slave (D:4)
  An orc priest (D:4)
  An iguana (D:4)
  An orc (D:4)
  A leopard gecko skeleton (D:4)
5 creatures vanquished.

Grand Total: 122 creatures vanquished

Notes
Turn   | Place    | Note
-------+----------+-------------------------------------------
     0 | D:1      | Flugslaktarn the Octopode Fighter began the quest for the
                  | Orb.
     0 | D:1      | Reached XP level 1. HP: 16/16 MP: 1/1
   204 | D:1      | Reached XP level 2. HP: 12/21 MP: 2/2
   792 | D:1      | Reached XP level 3. HP: 26/26 MP: 3/3
  1039 | D:2      | Reached skill level 3 in Axes
  1134 | D:2      | Reached XP level 4. HP: 30/31 MP: 4/4
  1929 | D:2      | Reached XP level 5. HP: 36/36 MP: 5/5
  3293 | D:3      | Reached skill level 4 in Axes
  3305 | D:3      | Reached XP level 6. HP: 31/43 MP: 4/6
  3457 | D:4      | Found a staircase to the Ecumenical Temple.
  3496 | Temple   | Entered the Ecumenical Temple
  3590 | Temple   | Became a worshipper of Gozag Ym Sagoz the Greedy
  3831 | D:4      | Noticed Eustachio
  3842 | D:4      | Killed Eustachio
  3842 | D:4      | Reached skill level 5 in Axes
  3842 | D:4      | Reached XP level 7. HP: 26/49 MP: 4/7
  4179 | D:4      | Noticed Pikel
  4330 | D:4      | Killed Pikel
  4330 | D:4      | Reached skill level 5 in Fighting
  4330 | D:4      | Reached skill level 6 in Axes
  4330 | D:4      | Reached skill level 5 in Dodging
  4330 | D:4      | Reached skill level 5 in Shields
  4330 | D:4      | Reached XP level 8. HP: 49/55 MP: 6/8
  4365 | D:4      | Noticed Sigmund
  4371 | D:4      | Killed Sigmund
  5092 | D:5      | Entered Level 5 of the Dungeon
  5394 | D:5      | Noticed Menkaure
  5752 | D:5      | Killed Menkaure
  5752 | D:5      | Reached skill level 7 in Axes
  6009 | D:5      | Reached XP level 9. HP: 62/62 MP: 9/9
  6068 | D:5      | Found an opulent altar of Gozag.
  6072 | D:5      | Found Gozag's Platinum Reserve.
  6293 | D:5      | Found the +2 ratskin cloak {+Rats rPois rN+ Str-1 Int-1
                  | Dex+1}
  6299 | D:5      | Slain by a river rat

Illustrated notes

Levels and vault maps discovered:
D:1:      dpeg_arrival_castle, layout_loops_ring, corexii_corridor_pit,
          hangedman_decor_riveting
D:2:      layout_basic, first_ration
D:3:      layout_loops_corners
D:4:      wad_river_or_something, layout_basic, minmay_temple_entry_offerings,
          chequers_serial_rivers_micro_b, uniq_sigmund, uniq_eustachio,
          uniq_pikel
D:5:      wander_guarded_unrand_ratskin, layout_basic, trog_eyes_of_draining,
          serial_bayou_pond_d, nicolae_gozag_zags_fifth_avenue, uniq_menkaure
Temple:   regret_index_temple_mists

Skill      XL: |  1  2  3  4  5  6  7  8 |
---------------+-------------------------+-----
Axes           | 3 4 5 6 7 |  7.5
Fighting       | 4 5 |  5.9
Dodging        | 4 5 |  5.9
Shields        | 4 5 |  5.9

Action                   |  1- 3 |  4- 6 |  7- 9 || total
-------------------------+-------+-------+-------++-------
Melee: War axe           |    51 |    88 |    99 ||   238
       Constrict         |    17 |    22 |    28 ||    67
       Tentacles         |     9 |    11 |    21 ||    41
Invok: Potion Petition   |       |     1 |       ||     1
  Use: Scroll            |       |     6 |     1 ||     7
 Stab: Sleeping          |     6 |     5 |     9 ||    20
  Eat: Chunk             |     1 |     4 |       ||     5
       Ration            |       |     1 |     2 ||     3
Armor: Skin              |     7 |     6 |       ||    13
Dodge: Dodged            |    26 |    59 |    39 ||   124
Block: Kite shield       |    10 |    49 |    38 ||    97

Table legend:
 A = Non-vault XP
 B = Vault XP
 C = Vault XP percentage of total XP
 D = Non-vault monster count
 E = Vault monster count
 F = Vault count percentage of total count
                 A         B        C        D         E       F
            +---------+---------+-------+---------+---------+-------
      Total |    1176 |    1382 |  54.0 |      96 |      21 |  17.9
            +---------+---------+-------+---------+---------+-------
        D:1 |      40 |       0 |   0.0 |      21 |       0 |   0.0
        D:2 |     143 |       0 |   0.0 |      26 |       0 |   0.0
        D:3 |     210 |       0 |   0.0 |      13 |       0 |   0.0
        D:4 |     233 |    1128 |  82.9 |      16 |       8 |  33.3
        D:5 |     550 |     254 |  31.6 |      20 |      13 |  39.4
            +---------+---------+-------+---------+---------+-------
